 Dungeon Crawl Stone Soup version 0.28.0-45-g0d030f2227 (webtiles) character file.

Game seed: 2345380934760695299

50 Icepheonix32 the Skirmisher (level 3, -3/29 HPs)
             Began as a Demonspawn Fighter on Apr 10, 2022.
             Slain by a gnoll
             ... wielding a +0 flail
              (7 damage)
             ... on level 1 of the Dungeon.
             The game lasted 00:01:28 (1212 turns).

Icepheonix32 the Skirmisher (Demonspawn Fighter)    Turns: 1212, Time: 00:01:28

Health: -3/29      AC:  8    Str: 16    XL:     3   Next: 55%
Magic:  4/4        EV:  8    Int: 11    God:
Gold:   30         SH:  4    Dex: 12    Spells: 4/4 levels left

rFire   . . .      SeeInvis .   a - +0 long sword
rCold   . . .      Faith    .   c - +0 buckler
rNeg    . . .      Spirit   .   b - +0 scale mail
rPois   .          Reflect  .   (no helmet)
rElec   .          Harm     .   (no cloak)
rCorr   .          Rampage  .   h - +0 pair of gloves
Will    .....                   (no boots)
Stlth   ..........              (no amulet)
HPRegen 0.09/turn               (no ring)
MPRegen 0.09/turn               (no ring)

@: no status effects
A: demonic magic 1
a: no special abilities


You were on level 1 of the Dungeon.
You visited 1 branch of the dungeon, and saw 2 of its levels.

You collected 30 gold pieces.

Inventory:

Hand Weapons
 a - a +0 long sword (weapon)
Armour
 b - a +0 scale mail (worn)
 c - a +0 buckler (worn)
 h - a +0 pair of gloves (worn)
Scrolls
 f - a scroll of immolation {unknown}
 g - a scroll of fear {unknown}
 i - 4 scrolls of identify {unknown}
Potions
 d - 2 potions of might
 e - a potion of mutation {unknown}


   Skills:
 + Level 3.2 Fighting
 - Level 2.1 Long Blades
 + Level 0.8 Throwing
 + Level 3.2 Armour
 + Level 0.2 Stealth
 - Level 2.8 Shields
 * Level 1.1 Spellcasting


You had 4 spell levels left.
You didn't know any spells.
Your spell library was empty.

Dungeon Overview and Level Annotations

Branches:
Dungeon (2/15)

Altars:


Innate Abilities, Weirdness & Mutations

Spells you cast may paralyse adjacent enemies.


Message History

You are too injured to fight recklessly!
You are too injured to fight recklessly!
You are too injured to fight recklessly!
You are too injured to fight recklessly!
You are too injured to fight recklessly!
You are too injured to fight recklessly!
You are too injured to fight recklessly!
You are too injured to fight recklessly!
You are too injured to fight recklessly!
You are too injured to fight recklessly!
You are too injured to fight recklessly!
You are too injured to fight recklessly!
You are too injured to fight recklessly!
You are too injured to fight recklessly!
You are too injured to fight recklessly!
You are too injured to fight recklessly!
You barely miss the gnoll.
The gnoll is moderately wounded.
The gnoll closely misses you. x3; The gnoll hits you but does no damage.
Unknown command.
You slash the gnoll!
You kill the gnoll!
The gnoll hits you but does no damage. The gnoll hits you with a +0 flail!
* * * LOW HITPOINT WARNING * * *
Unknown command.
A kobold comes into view. It is wielding a +0 whip.
The kobold shouts!
You hear an angry hiss.
The gnoll throws a throwing net.
The throwing net closely misses you.
The kobold throws a stone.
The stone hits you but does no damage. The kobold hits you but does no damage.
You see here a throwing net.
There is a stone staircase leading up here.
The gnoll hits you but does no damage.
You climb upwards.
There is a stone staircase leading down here.
You completely miss the gnoll. The gnoll closely misses you.
The gnoll hits you with a +0 flail.
* * * LOW HITPOINT WARNING * * *
You closely miss the gnoll. The gnoll hits you with a +0 flail!
You die...

#.######...........
#.##......#########
#.##......#########
#.##...............
#.##........#######
#.##.......## #.
#.##.......# #.
######.g..#.....## ###.
#......@.........# #...
#.#############..####...
#.# #..#...... #.#
#..#...... #.#
#..#...... #.#
#..####... #.# #######
#..# #<.. #.# #.....#
#..# ###. #.# #.....#
#..# #.


You could see a gnoll.

Vanquished Creatures
  An adder (D:2)
  A gnoll (D:2)
  A worm (D:2)
  A dart slug (D:2)
  3 ball pythons
  2 bats
  3 endoplasms
  A goblin (D:1)
  3 hobgoblins (D:1)
  3 quokkas
  3 frilled lizards (D:1)
  4 rats
26 creatures vanquished.

Notes
Turn   | Place    | Note
-------+----------+-------------------------------------------
     0 | D:1      | Icepheonix32 the Demonspawn Fighter began the quest for the
                  | Orb.
     0 | D:1      | Reached XP level 1. HP: 18/18 MP: 1/1
   126 | D:1      | Found a faded altar of an unknown god.
   332 | D:1      | Gained mutation: Spells you cast may paralyse adjacent
                  | enemies. [demonic ancestry]
   332 | D:1      | Reached XP level 2. HP: 24/24 MP: 2/2
   972 | D:2      | Reached skill level 1 in Spellcasting
   972 | D:2      | Reached XP level 3. HP: 24/29 MP: 2/4
  1212 | D:1      | Slain by a gnoll

Illustrated notes

Levels and vault maps discovered:
D:1:      minmay_arrival_cross, layout_basic,
          shapermc_ecumenical_altar_mp_urbaneastern
D:2:      layout_rooms

Skill      XL: |  1  2 |
---------------+-------+-----
Long Blades    | 2 |  2.1
Armour         | 3 |  3.2
Spellcasting   | 1 |  1.1
Fighting       | |  3.2
Throwing       | |  0.8
Stealth        | |  0.2
Shields        | |  2.8

Action                   || total
-------------------------++-------
Melee: Long sword        ||    48
Throw: Boomerang         ||    46
Armor: Scale mail        ||    28
Dodge: Dodged            ||    32
Block: Buckler           ||    17
